 Dungeon Crawl Stone Soup version 0.31-a0-5-g84e6b3452c (webtiles) character file.

Game seed: 4756737682375629656

46 Essalna the Firebug (level 3, -4/20 HPs)
             Began as a Tengu Fire Elementalist on May 5, 2023.
             Slain by a sleepcap (7 damage)
             ... on level 4 of the Dungeon.
             The game lasted 00:02:43 (1481 turns).

Essalna the Firebug (Tengu Fire Elementalist)       Turns: 1481, Time: 00:02:44

Health: -4/20      AC:  3    Str:  8    XL:     3   Next: 66%
Magic:  3/7        EV: 12    Int: 17    God:
Gold:   110        SH:  0    Dex: 14    Spells: 5/6 levels left

rFire   . . .        (no weapon)
rCold   . . .        (no shield)
rNeg    . . .        a - +0 robe
rPois   +            (helmet restricted)
rElec   .            (no cloak)
rCorr   .            i - +0 pair of gloves
SInv    .            (boots unavailable)
Will    .....        (no amulet)
Stlth   ++           h - ring of poison resistance
HPRegen 0.23/turn    (no ring)
MPRegen 0.10/turn

%: no passive effects
@: about to teleport
A: beak, talons 3
a: no special abilities


You were on level 4 of the Dungeon.
You visited 1 branch of the dungeon, and saw 3 of its levels.

You collected 110 gold pieces.

Inventory:

Armour
 a - a +0 robe (worn)
 i - a +0 pair of gloves (worn)
Magical Staves
 k - a staff of air
Jewellery
 h - a ring of poison resistance (left hand)
Scrolls
 c - 4 scrolls of teleportation
 d - a scroll of magic mapping
 g - a scroll of silence
Potions
 b - a potion of magic
 e - a potion of mutation {unknown}


   Skills:
 + Level 1.6 Fighting
 - Level 2.1 Dodging
 - Level 2.0 Stealth
 - Level 2.0 Spellcasting
 + Level 2.8 Conjurations
 + Level 3.9 Fire Magic


You had 5 spell levels left.
You knew the following spells:

 Your Spells              Type           Power      Damage    Failure   Level
a - Foxfire               Conj/Fire      52%        2x1d6     4%          1

Your spell library contained the following spells:

 Spells                   Type           Power      Damage    Failure   Level
 Scorch                   Fire           30%        2d6       6%          2
 Inner Flame              Hex/Fire       8%         N/A       26%         3
 Volatile Blastmotes      Fire/Tloc      16%        2d11      26%         3
 Ensorcelled Hibernation  Hex/Ice        2%         N/A       28%         2
 Passwall                 Tmut/Erth      0%         N/A       28%         2
 Flame Wave               Conj/Fire      13%        2d6       43%         4
 Swiftness                Air            1%         N/A       50%         3
 Cause Fear               Hex            0%         N/A       88%         4
 Dragon Form              Tmut           0%         N/A       100%        7
 Dragon's Call            Summ           0%         N/A       100%        9


Dungeon Overview and Level Annotations

Branches:
Dungeon (2/15)

Altars:

Shops:
D:1 ?


Innate Abilities, Weirdness & Mutations

You have a beak for a mouth.
You have claws for feet.


Message History

Casting: Foxfire (safe; 4% risk of failure)
Confirm with . or Enter, or press ? or * to list all spells.
You conjure some foxfire!
Casting: Foxfire (safe; 4% risk of failure)
Confirm with . or Enter, or press ? or * to list all spells.
You conjure some foxfire!
The foxfire hits the adder.
The adder is lightly wounded.
The foxfire hits the adder.
The adder is heavily wounded.
The adder barely misses you.
Really attack while wielding nothing? [Y]es or [N]o only, please.
Really attack while wielding nothing?
You barely miss the adder. Your kick misses the adder.
The adder is heavily wounded.
The foxfire hits the adder.
The adder is almost dead.
The foxfire hits the adder.
The adder is almost dead.
The adder bites you.
You closely miss the adder.
The adder is almost dead.
The adder bites you.
Casting: Foxfire (safe; 4% risk of failure)
Confirm with . or Enter, or press ? or * to list all spells.
You conjure some foxfire!
The adder bites you but does no damage.
The foxfire hits the sleepcap.
The sleepcap is lightly damaged.
The adder barely misses you.
You miss the adder. You peck the adder, but do no damage.
The adder is almost dead.
The foxfire hits the adder.
You kill the adder!
The sleepcap attacks as you move away! The sleepcap releases spores at you.
* * * LOW HITPOINT WARNING * * *
The sleepcap attacks as you move away! The sleepcap misses you.
As you read the scroll labelled COTZESHR JATA, it crumbles to dust.
You feel strangely unstable.
It was a scroll of teleportation.
The sleepcap releases spores at you!
You die...

,,,***,,,,,,,,,,,,,**,*
*******
,,,,,,,,,,,,,**#..#**,*
*,,,,,* ,,************
#..# *,****,***,* ***
#..# *,,,,,,,,*,** **
#..* ******,*,,,,, ,*
#..* *,,,,,** ,* #.#*
******** ,* #.# * ,*
#@# * ,* #f# * ,*******
###.## * ,,,,,,,*
##....# * ,*****,*
###.....# * ,*
*,***#.......# * ,*
*,,,..o##.##.## * ,***
*,**#.,#.#,#..####
******** **,***,*
#,,#.,,#.....# *,,,,,,,


You could see a sleepcap.

Vanquished Creatures
  2 adders (D:4)
  An endoplasm (D:1)
  2 goblins (D:1)
  5 hobgoblins
  4 kobolds (D:1)
  A quokka (D:1)
  5 bats
  3 frilled lizards (D:1)
  5 rats
28 creatures vanquished.

Vanquished Creatures (others)
  79 foxfires
79 creatures vanquished.

Grand Total: 107 creatures vanquished

Notes
Turn   | Place    | Note
-------+----------+-------------------------------------------
     0 | D:1      | Essalna the Tengu Fire Elementalist began the quest for the
                  | Orb.
     0 | D:1      | Reached XP level 1. HP: 10/10 MP: 4/4
    62 | D:1      | Found Tannoh's Magic Scroll Boutique.
   149 | D:1      | Reached XP level 2. HP: 16/16 MP: 0/6
   288 | D:1      | Reached skill level 1 in Fighting
  1024 | D:1      | Reached XP level 3. HP: 15/20 MP: 7/7
  1438 | D:2      | You fall into a shaft and drop 2 floors!
  1444 | D:4      | Noticed an ogre
  1481 | D:4      | Slain by a sleepcap

Illustrated notes

Levels and vault maps discovered:
D:1:      ncdulo_halloftheorcs, layout_loops_ring, serial_shops, shop
D:2:      layout_basic
D:4:      layout_loops_ring, mainiacjoe_overflow_surrounded_room,
          nicolae_dithmenos_through_a_glass_darkly, minmay_distorted, uniq_pikel

Skill      XL: |  1  2 |
---------------+-------+-----
Conjurations   | 2 |  2.8
Fighting       | 1 |  1.6
Dodging        | |  2.1
Stealth        | |  2.0
Spellcasting   | |  2.0
Fire Magic     | |  3.9

Action                     || total
---------------------------++-------
  Melee: Unarmed           ||    20
         Peck              ||     5
         Kick              ||     4
         Punch             ||     1
   Cast: Foxfire           ||    51
    Use: Scroll            ||     4
 Armour: Robe              ||     6
  Dodge: Dodged            ||    22

Table legend: (Time is in decaauts)
 A = Elapsed time spent in this place.
 B = Non-inter-level travel time spent in this place.
 C = Inter-level travel time spent in this place.
 D = Time resting spent in this place.
 E = Time spent auto-exploring this place.
 F = Levels seen in this place.
 G = Mean time per level.
                   A        B        C        D        E       F      G
               +--------+--------+--------+--------+--------+-----+--------+
         Total |   1480 |   1459 |     21 |      0 |   1257 |   3 |  493.3 |
       Dungeon |   1480 |   1459 |     21 |      0 |   1257 |   3 |  493.3 |
               +--------+--------+--------+--------+--------+-----+--------+

Top non-repeatable levels by time:
     D:1: 1180 daAuts
     D:2: 257 daAuts
     D:4: 42 daAuts
